 Dungeon Crawl Stone Soup version 0.25.1-2-g60ff931df9 (webtiles) character file.

Game seed: 12103087509669794063

117 DogServant the Ruffian (level 5, 0/30 HPs)
             Began as a Gargoyle Transmuter on Nov 10, 2020.
             Slain by Edmund
             ... wielding a +1 dire flail of draining
              (4 damage)
             ... on level 4 of the Dungeon.
             The game lasted 00:04:12 (3146 turns).

DogServant the Ruffian (Gargoyle Transmuter)        Turns: 3146, Time: 00:04:12

Health: 0/30       AC: 10    Str: 14    XL:     5   Next: 1%
Magic:  7/8        EV: 11    Int: 14    God:
Gold:   126        SH:  0    Dex: 10    Spells: 2/8 levels left

rFire    . . .     SeeInvis .     - Unarmed
rCold    . . .     Gourm    .   (no shield)
rNeg     + . .     Faith    .   l - +0 leather armour
rPois    ∞         Spirit   .   (no helmet)
rElec    +         Reflect  .   r - +1 cloak
rCorr    .         Harm     .   (no gloves)
MR       .....                  c - +0 pair of boots
Stlth    +.........             (no amulet)
HPRegen  0.10/turn              (no ring)
MPRegen  0.11/turn              (no ring)

@: no status effects
A: negative energy resistance 1, electricity resistance, unbreathing,
petrification resistance, rot immunity, AC +4
a: no special abilities


You were on level 4 of the Dungeon.
You were not hungry.

You visited 1 branch of the dungeon, and saw 4 of its levels.

You collected 126 gold pieces.

Inventory:

Missiles
 a - 52 arrows
 n - 26 poisoned darts (quivered)
Armour
 b - a +0 robe
 c - a +0 pair of boots (worn)
 e - a +0 ring mail
 l - a +0 leather armour (worn)
 r - a +1 cloak (worn)
Wands
 s - a wand of random effects (17)
Scrolls
 f - 2 scrolls of fear {unknown}
 g - 4 scrolls of teleportation
 i - 2 scrolls of enchant armour
 j - a scroll of random uselessness {unknown}
 k - 2 scrolls of immolation {unknown}
 m - 4 scrolls of identify {unknown}
 p - a scroll of remove curse {unknown}
 q - a scroll of fog {unknown}
Potions
 h - 2 potions of stabbing {unknown}
 o - a potion of flight {unknown}
Comestibles
 d - 4 rations


   Skills:
 - Level 2.0 Fighting
 - Level 1.5 Dodging
 + Level 4.4 Unarmed Combat
 - Level 2.0 Spellcasting
 + Level 2.7 Transmutations


You had 2 spell levels left.
You knew the following spells:

 Your Spells              Type           Power        Failure   Level  Hunger
a - Beastly Appendage     Tmut           #.....       10%         1    ##.....
b - Sticks to Snakes      Tmut           #.......     14%         2    ###....
c - Spider Form           Tmut/Pois      #.........   45%         3    ####...

Your spell library contained the following spells:

 Spells                   Type           Power        Failure   Level  Hunger
 Ice Form                 Ice/Tmut       #.......     86%         4    #####..
 Blade Hands              Tmut           #.........   95%         5    ######.


Dungeon Overview and Level Annotations

Branches:
Dungeon (4/15)
 Temple: D:4-7

Altars:
Fedhas

Annotations:
D:4 Edmund


Innate Abilities, Weirdness & Mutations

You are resistant to torment.
Your stone body is resilient. (AC +4)
You are immune to poison.
You resist negative energy. (rN+)
You are resistant to electric shocks. (rElec)
You can survive without breathing.
You are immune to petrification.
You are immune to rotting.


Message History

Edmund closely misses you.
You hit Edmund.
Edmund is severely wounded.
Edmund barely misses you.
You closely miss Edmund.
Edmund is severely wounded.
Edmund closely misses you.
You closely miss Edmund.
Edmund is almost dead.
An ogre comes into view. It is wielding a +0 giant club.
Edmund hits you but does no damage.
You barely miss Edmund.
Edmund is almost dead.
You closely miss Edmund.
Edmund is almost dead.
Edmund hits you but does no damage.
You barely miss Edmund.
Edmund is almost dead.
Edmund hits you with a +1 dire flail of draining.
You die...

.####...#####.#.##..#.#
#...# #.).....#.# #...#
###.##..#.# #...#
#)###.#.#### ##...
#..........#
#........#.# #
##.##....#
####.##.##.##.#.#
#......@##......#
#.##.##@........... #
#.########### #.# # #O#
#.##.##.# #?......#
####..### #.._


You could see Edmund (poisoned) and an ogre.

Vanquished Creatures
  Robin (D:4)
  3 adders
  2 worms
  3 dart slugs (D:1)
  3 orcs (D:3)
  A ball python (D:3)
  7 bats
  3 giant cockroaches
  8 goblins
  7 hobgoblins
  3 jackals (D:3)
  3 frilled lizards
  11 kobolds
  4 rats
59 creatures vanquished.

Vanquished Creatures (collateral kills)
  2 goblins (D:4)
  A hobgoblin (D:4)
  A quokka skeleton (D:4)
4 creatures vanquished.

Grand Total: 63 creatures vanquished

Notes
Turn   | Place    | Note
-------+----------+-------------------------------------------
     0 | D:1      | DogServant the Gargoyle Transmuter began the quest for the
                  | Orb.
     0 | D:1      | Reached XP level 1. HP: 12/12 MP: 3/3
   356 | D:1      | Reached XP level 2. HP: 14/17 MP: 5/5
  1085 | D:2      | Reached XP level 3. HP: 18/21 MP: 4/6
  1924 | D:3      | Reached skill level 4 in Unarmed Combat
  1924 | D:3      | Reached XP level 4. HP: 22/26 MP: 5/7
  2163 | D:3      | Learned a level 2 spell: Sticks to Snakes
  2167 | D:3      | Learned a level 3 spell: Spider Form
  2706 | D:4      | Noticed Edmund
  2818 | D:4      | Noticed Robin
  2839 | D:4      | Killed Robin
  2871 | D:4      | Reached XP level 5. HP: 9/30 MP: 1/8
  2892 | D:4      | Found a blossoming altar of Fedhas.
  3143 | D:4      | Noticed an ogre
  3146 | D:4      | Slain by Edmund

Illustrated notes

Levels and vault maps discovered:
D:1:      dpeg_arrival_arbitrary_a, layout_basic
D:2:      layout_rooms
D:3:      layout_basic
D:4:      layout_loops_cross, overflow_temple_1_default,
          gammafunk_temple_overflow_statue, first_ration, uniq_edmund,
          uniq_blork_the_orc, uniq_robin

Skill      XL: |  1  2  3 |
---------------+----------+-----
Fighting       | 2 |  2.0
Transmutations | 2 |  2.7
Unarmed Combat | 4 |  4.4
Dodging        | |  1.5
Spellcasting   | |  2.0

Action                   |  1- 3 |  4- 6 || total
-------------------------+-------+-------++-------
Melee: Unarmed           |   144 |   122 ||   266
       Headbutt          |     4 |    11 ||    15
       Kick              |     1 |       ||     1
       Punch             |     2 |     2 ||     4
Throw: Dart              |       |     1 ||     1
 Cast: Beastly Appendage |    10 |     8 ||    18
       Sticks to Snakes  |       |     4 ||     4
       Spider Form       |       |     1 ||     1
  Use: Scroll            |       |     3 ||     3
  Eat: Chunk             |     4 |     4 ||     8
Armor: Robe              |     6 |       ||     6
       Ring mail         |    24 |       ||    24
       Leather armour    |    28 |    43 ||    71
Dodge: Dodged            |    81 |    67 ||   148
